 Dungeon Crawl Stone Soup version 0.25-a0-1133-g93ebf739aa (webtiles) character file.

Game seed: 14777256295964603439, levelgen mode: deterministic

97321 tilp the Sharpshooter (level 16, -8/101 HPs)
             Began as a Kobold Arcane Marksman on May 21, 2020.
             Was the Champion of Okawaru.
             Mangled by Jorgrun
             ... wielding an uncursed staff of earth
              (10 damage)
             ... on level 1 of the Snake Pit.
             The game lasted 01:41:22 (46274 turns).

tilp the Sharpshooter (Kobold Arcane Marksman)     Turns: 46274, Time: 01:41:23

Health: -8/101     AC: 21    Str: 19    XL:     16   Next: 69%
Magic:  0/23       EV: 15    Int: 15    God:    Okawaru [******]
Gold:   855        SH:  0    Dex: 16    Spells: 13/17 levels left

rFire    + . .     SeeInvis +   a - +7 arbalest (freeze)
rCold    . . .     Gourm    .   (shield currently unavailable)
rNeg     . . .     Faith    .   u - +4 chain mail {rF+}
rPois    +         Spirit   +   (no helmet)
rElec    .         Reflect  .   h - +2 cloak
rCorr    .         Harm     .   Q - +2 pair of gloves
MR       +....                  y - +2 pair of boots
Stlth    +.........             W - amulet of guardian spirit
HPRegen  0.26/turn              k - ring of Okawaru's Envy {+Inv rPois SInv}
MPRegen  0.18/turn              F - +6 ring of strength

@: grasped by roots, constricted
A: small, carnivore
a: Heroism, Finesse, Renounce Religion, Evoke Invisibility


You were on level 1 of the Snake Pit.
You worshipped Okawaru.
Okawaru was exalted by your worship.
You were very full.

You visited 5 branches of the dungeon, and saw 25 of its levels.
You also visited: Gauntlet and Volcano.

You collected 3504 gold pieces.
You spent 2649 gold pieces at shops.

Inventory:

Hand Weapons
 a - a +7 arbalest of freezing (weapon)
 b - the +8 lajatang of Chagrin {drain, rC+ Stlth+}
   (You bought it in a shop on level 2 of the Orcish Mines)

   A truly terrible weapon, it drains the life of those it strikes.
   It protects you from cold.
   It makes you more stealthy.
 v - the +6 arbalest "Damnation" {damnation}
   (Okawaru gifted it to you on level 11 of the Dungeon)
 G - the +10 triple crossbow of Fimos {elec, Str+5}
   (Okawaru gifted it to you on level 5 of the Lair of Beasts)

   It charges the ammunition it shoots with electricity; occasionally upon a
   hit, such missiles may discharge and cause terrible harm.
   It affects your strength (+5).
Missiles
 d - 164 bolts (quivered)
 t - a throwing net
 B - 66 poisoned darts
 U - 4 curare-tipped darts
Armour
 h - a +2 cloak (worn)
 u - a +4 chain mail of fire resistance (worn)
 y - a +2 pair of boots (worn)
 Q - a +2 pair of gloves (worn)
Jewellery
 k - the ring of Okawaru's Envy (left hand) {+Inv rPois SInv}
   (You found it in a Gauntlet)

   [ring of see invisible]

   It protects you from poison.
   It lets you see invisible.
   It lets you turn invisible.
 p - an uncursed ring of resist corrosion
 F - a +6 ring of strength (right hand)
 I - a +4 ring of evasion
 O - the amulet "Kyppieg" {Acrobat rC+}
   (You found it on level 10 of the Dungeon)

   [amulet of the acrobat]

   It helps you evade while moving and waiting.
   It protects you from cold.
 V - an uncursed amulet of reflection
 W - an amulet of guardian spirit (around neck)
Wands
 q - a wand of iceblast (15)
 D - a wand of polymorph (43)
 J - a wand of clouds (2)
 K - a wand of flame (42)
 N - a wand of disintegration (8)
 T - a wand of paralysis (23)
 Z - a wand of digging (5)
Scrolls
 e - 4 scrolls of amnesia
 f - 2 scrolls of fear
 i - 13 scrolls of remove curse
 n - 4 scrolls of magic mapping
 r - 4 scrolls of identify
 R - 4 scrolls of fog
 X - a scroll of teleportation
 Y - a scroll of silence
Potions
 g - 2 potions of might
 j - a potion of heal wounds
 l - 7 potions of curing
 m - a potion of berserk rage
 o - 2 potions of ambrosia
 s - 3 potions of brilliance
 w - 6 potions of flight
 x - a potion of resistance
 z - a potion of cancellation
 C - a potion of mutation
 E - 4 potions of invisibility
 L - 2 potions of stabbing
 M - 2 potions of magic
 S - a potion of haste
Miscellaneous
 A - a lightning rod (4/4)
 H - 2 boxes of beasts
Comestibles
 c - 34 rations


   Skills:
 - Level 12.0 Fighting
   Level 10.0(10.5) Maces & Flails
 + Level 5.7(8.6) Staves
 - Level 18.0 Crossbows
 + Level 14.1 Dodging
 - Level 10.0 Stealth
 - Level 1.1 Spellcasting
 - Level 3.0 Hexes
 - Level 10.0 Invocations
 - Level 6.0 Evocations


You had 13 spell levels left.
You knew the following spells:

 Your Spells              Type           Power        Failure   Level  Hunger
a - Corona                Hex            #......      69%         1    ##.....
b - Slow                  Hex            #.......     83%         2    ###....
c - Apportation           Tloc           #.....       98%         1    ##.....

Your spell library contained the following spells:

 Spells                   Type           Power        Failure   Level  Hunger
 Animate Skeleton         Necr           N/A          98%         1    ##.....
 Foxfire                  Conj/Fire      #...         98%         1    ##.....
 Magic Dart               Conj           #...         98%         1    ##.....
 Sandblast                Erth           #.....       98%         1    ##.....
 Sting                    Tmut/Pois      #...         98%         1    ##.....
 Summon Small Mammal      Summ           #...         98%         1    ##.....
 Blink                    Tloc           N/A          99%         2    ###....
 Call Imp                 Summ           #.......     99%         2    ###....
 Passwall                 Tmut/Erth      #.......     99%         2    ###....
 Poisonous Vapours        Pois/Air       #.....       99%         2    ###....
 Searing Ray              Conj           #.....       99%         2    ###....
 Dazzling Flash           Conj/Hex       #.....       99%         3    ####...
 Inner Flame              Hex/Fire       #.......     99%         3    ####...
 Portal Projectile        Hex/Tloc       #.....       99%         3    ####...
 Conjure Flame            Conj/Fire      #.......     100%        3    ####...
 Ignite Poison            Fire/Tmut/Pois #.......     100%        3    ####...
 Mephitic Cloud           Conj/Pois/Air  #.......     100%        3    ####...
 Stone Arrow              Conj/Erth      #.....       100%        3    ####...
 Cause Fear               Hex            #.........   100%        4    #####..
 Fulminant Prism          Conj/Hex       #.........   100%        4    #####..
 Ice Form                 Ice/Tmut       #.......     100%        4    #####..
 Iskenderun's Mystic Bla  Conj/Tloc      #.......     100%        4    #####..
 Leda's Liquefaction      Hex/Erth       #.........   100%        4    #####..
 Olgreb's Toxic Radiance  Pois           #.......     100%        4    #####..
 Petrify                  Tmut/Erth      #.......     100%        4    #####..
 Sticky Flame             Conj/Fire      #.......     100%        4    #####..
 Bolt of Magma            Conj/Fire/Erth #.........   100%        5    ######.
 Fireball                 Conj/Fire      #.........   100%        5    ######.
 Irradiate                Conj/Tmut      #.........   100%        5    ######.
 Iskenderun's Battlesphe  Conj/Chrm      #.......     100%        5    ######.
 Lee's Rapid Deconstruct  Erth           #.........   100%        5    ######.
 Metabolic Englaciation   Hex/Ice        #.........   100%        5    ######.
 Freezing Cloud           Conj/Ice/Air   #.........   100%        6    #######
 Hydra Form               Tmut           #.........   100%        6    #######
 Iron Shot                Conj/Erth      #.........   100%        6    #######
 Ozocubu's Refrigeration  Ice            #.........   100%        6    #######
 Simulacrum               Ice/Necr       #.........   100%        6    #######
 Statue Form              Tmut/Erth      #........    100%        6    #######
 Dragon Form              Tmut           #.........   100%        7    #######
 Orb of Destruction       Conj           #.........   100%        7    #######
 Spellforged Servitor     Conj/Summ      #.........   100%        7    #######


Dungeon Overview and Level Annotations

Branches:
Dungeon (15/15)            Temple (1/1) D:5            Lair (6/6) D:9
  Swamp (0/4) Lair:3        Snake (1/4) Lair:3        Slime (0/5) Lair:5
    Orc (2/2) D:12            Elf (0/3) Orc:2        Vaults (0/5) D:13
 Depths (0/5) D:15        Volcano (visited)         Gauntlet (visited)

Altars:
Ashenzari
Cheibriados
Dithmenos
Elyvilon
Fedhas
Gozag
Hepliaklqana
Kikubaaqudgha
Makhleb
Nemelex Xobeh
Okawaru
Qazlal
Ru
Sif Muna
Trog
Uskayaw
Vehumet
Wu Jian
Xom
Yredelemnul
Zin
The Shining One
Beogh
Jiyva

Shops:
D:5 (   D:7 (   D:9 *   D:11 [   Orc:2 !?(*

Annotations:
D:4 Grinder
Snake:1 Jorgrun
Orc:1 Erolcha


Innate Abilities, Weirdness & Mutations

You are small and have problems with some larger weapons.
You are carnivorous and can eat meat at any time.


Message History

Jorgrun hits you with an uncursed staff of earth.
Jorgrun crushes you!!
* * * LOW HITPOINT WARNING * * *
x2 The grasping roots constrict you!
Firing (i - inventory. (/) - cycle)
d - 166 bolts (quivered)
Press: ? - help, Shift-Dir - straight line, f/p - Jorgrun
Aim: Jorgrun, wielding a staff of earth and wearing a +2 robe of the Archmagi You shoot a bolt.
The bolt hits Jorgrun!!
The bolt freezes Jorgrun.
Jorgrun is moderately wounded.
Firing (i - inventory. (/) - cycle)
d - 165 bolts (quivered)
Press: ? - help, Shift-Dir - straight line, f/p - Jorgrun
Aim: Jorgrun, wielding a staff of earth and wearing a +2 robe of the Archmagi (moderately wounded)
You shoot a bolt. The bolt hits Jorgrun!
The bolt freezes Jorgrun.
Jorgrun is moderately wounded.
Jorgrun says, "'tis place shall be yer tomb!"
Jorgrun hits you with an uncursed staff of earth!
* * * LOW HITPOINT WARNING * * *
Jorgrun crushes you!!
* * * LOW HITPOINT WARNING * * *
You die...

###...# #.#.>... ... ...
......###.#...##
...##..#......##..####
.........# #..##..##.#
.........###..#)....##
..........##....#..##
........[......##...#
.................##..(..
.......@......S..##.....
.......g..........#.###.
....................#
.....................
.....................
.....................
.........$.........#
.......(............
.................


You could see Jorgrun and an anaconda (fleeing).

Vanquished Creatures
  Donald (Orc:2)
  2 orc warlords
  A minotaur (Gauntlet)
  4 fire dragons
  Fannar (Orc:1)
  4 hydras
  2 anacondas (Snake:1)
  A naga warrior (Snake:1)
  5 centaur warriors
  2 dancing weapons (D:13)
  2 death knights
  2 two-headed ogres
  An orc high priest (D:12)
  12 death yaks
  A fire crab (Gauntlet)
  A skeletal warrior (D:15)
  A death drake (Gauntlet)
  2 unseen horrors
  7 hell knights (D:11)
  A swamp dragon (Lair:6)
  4 lindwurms
  A spectral wolf spider (Gauntlet)
  2 orc sorcerers
  3 deep elf magi (D:14)
  2 mana vipers (Snake:1)
  6 orc knights (Orc:2)
  A wolf spider zombie (D:15)
  2 necromancers (D:11)
  2 cyclopes
  4 manticores
  2 ugly things
  A spectral centaur (Gauntlet)
  A toenail golem (Volcano)
  3 centaur zombies
  16 elephants
  6 torpor snails (Lair:6)
  4 black mambas
  2 molten gargoyles (Volcano)
  A gargoyle (D:13)
  A naga mage (Snake:1)
  A spiny frog (shapeshifter) (D:12)
  2 centaur skeletons
  11 spiny frogs
  3 rime drakes
  2 efreet (Volcano)
  6 freezing wraiths
  A komodo dragon (Lair:6)
  A polar bear (Lair:6)
  5 trolls
  7 hornets
  3 tyrant leeches
  4 blink frogs (Lair:3)
  3 slime creatures (D:12)
  5 dream sheep (Lair:4)
  5 hippogriffs
  A spriggan (D:9)
  4 wyverns
  25 yaks
  A vampire (D:12)
  3 wraiths
  3 fire bats (Gauntlet)
  6 basilisks
  4 fire elementals (Volcano)
  A hungry ghost (D:8)
  4 steam dragons
  A swamp worm (Lair:3)
  9 wargs
  2 nagas (Lair:3)
  A soldier ant (D:13)
  12 water moccasins
  8 porcupines
  9 hell hounds
  3 swamp drakes (Lair:6)
  48 orc warriors
  4 black bears
  3 sky beasts
  3 ice beasts
  3 phantoms
  10 wolves
  10 ogres
  13 crocodiles
  18 centaurs
  3 earth elementals (Volcano)
  16 bullfrogs
  6 scorpions
  5 wights (D:10)
  2 howler monkeys (D:9)
  6 jellies
  2 bullfrog zombies
  7 crimson imps
  A bullfrog skeleton (D:10)
  A gnoll shaman (D:8)
  9 hounds
  9 orc priests
  4 iguanas
  19 orc wizards
  Natasha (thrice) (D:2)
  8 worker ants
  4 hell rats (Lair:3)
  3 hound skeletons
  3 worker ant zombies
  6 gnolls
  9 adders
  A howler monkey skeleton (D:8)
  3 shadow imps
  3 oozes (Lair:5)
  An adder skeleton (D:5)
  A worm (D:4)
  2 dart slugs
  7 leopard geckos
  104 orcs
  7 bats
  5 giant cockroaches
  20 goblins
  11 hobgoblins
  11 jackals
  7 quokkas
  4 frilled lizards
  A giant cockroach zombie (D:5)
  A jackal zombie (D:8)
  15 kobolds
  A leopard gecko zombie (D:7)
  A quokka skeleton (D:4)
  A quokka zombie (D:5)
  8 rats
  3 fire vortices (Volcano)
  A fungus (Lair:6)
730 creatures vanquished.

Vanquished Creatures (others)
  An orc (Orc:2)
  14 demonic plants (Gauntlet)
  A fire vortex (Volcano)
  17 fungi
  30 plants
63 creatures vanquished.

Grand Total: 793 creatures vanquished

Notes
Turn   | Place    | Note
-------+----------+-------------------------------------------
     0 | D:1      | tilp the Kobold Arcane Marksman began the quest for the
                  | Orb.
     0 | D:1      | Reached XP level 1. HP: 12/12 MP: 2/2
   501 | D:1      | Reached XP level 2. HP: 17/17 MP: 3/3
   505 | D:1      | Learned a level 2 spell: Slow
  1038 | D:1      | Reached XP level 3. HP: 5/23 MP: 1/4
  1513 | D:1      | Found a shimmering altar of Xom.
  1516 | D:1      | Found a burning altar of Makhleb.
  1516 | D:1      | Found an ancient bone altar of Kikubaaqudgha.
  1684 | D:1      | Found a basalt altar of Yredelemnul.
  1684 | D:1      | Found a white marble altar of Elyvilon.
  1684 | D:1      | Found a blossoming altar of Fedhas.
  2095 | D:2      | Reached XP level 4. HP: 27/29 MP: 5/5
  2463 | D:2      | Noticed Natasha
  2485 | D:2      | Killed Natasha
  2485 | D:2      | Reached skill level 3 in Crossbows
  3035 | D:2      | Noticed Natasha
  3049 | D:2      | Killed Natasha
  3049 | D:2      | Reached skill level 4 in Crossbows
  3049 | D:2      | Reached XP level 5. HP: 10/33 MP: 6/6
  3365 | D:2      | Noticed Natasha
  3377 | D:2      | Killed Natasha
  3778 | D:3      | Found a shattered altar of Ashenzari.
  4131 | D:3      | Reached skill level 5 in Crossbows
  4135 | D:3      | Reached XP level 6. HP: 34/38 MP: 7/7
  4614 | D:3      | Noticed an ogre
  4621 | D:3      | Killed an ogre
  4621 | D:3      | Reached skill level 6 in Crossbows
  4621 | D:3      | Reached skill level 1 in Stealth
  5098 | D:4      | Reached XP level 7. HP: 25/44 MP: 8/8
  5592 | D:4      | Noticed Grinder
  5594 | D:4      | Paralysed by Grinder for 4 turns
  5602 | D:4      | Paralysed by Grinder for 3 turns
  5606 | D:4      | Paralysed by Grinder for 2 turns
  6119 | D:4      | Found a shadowy altar of Dithmenos.
  6443 | D:5      | Entered Level 5 of the Dungeon
  6587 | D:5      | Found Zuunkyp's Weapon Emporium.
  6782 | D:5      | Reached skill level 5 in Fighting
  7560 | D:5      | Found a staircase to the Ecumenical Temple.
  7604 | D:5      | Reached XP level 8. HP: 44/51 MP: 9/9
  7617 | Temple   | Entered the Ecumenical Temple
  7873 | Temple   | Became a worshipper of Warmaster Okawaru
  7902 | D:5      | Reached skill level 5 in Dodging
  8512 | D:5      | Reached skill level 1 in Invocations
  8899 | D:6      | Reached * piety under Okawaru
  9161 | D:6      | Reached skill level 5 in Invocations
  9392 | D:6      | Reached XP level 9. HP: 12/55 MP: 11/13
 10255 | D:6      | Reached ** piety under Okawaru
 10959 | D:5      | Bought a +3 flail of protection for 233 gold pieces
 11122 | D:7      | Reached skill level 1 in Maces & Flails
 11597 | D:7      | Found Rewnerit's Weapon Shop.
 12616 | D:8      | Reached skill level 5 in Maces & Flails
 12629 | D:8      | Reached XP level 10. HP: 60/60 MP: 16/16
 12791 | D:8      | Reached *** piety under Okawaru
 13100 | D:8      | Reached skill level 1 in Evocations
 13329 | D:9      | Found Jyr Sugh's General Store.
 13417 | D:9      | Reached skill level 7 in Crossbows
 13743 | D:9      | Found a staircase to the Lair.
 13995 | D:9      | Reached skill level 8 in Crossbows
 14049 | D:9      | Reached **** piety under Okawaru
 14619 | D:10     | Entered Level 10 of the Dungeon
 14658 | D:9      | Reached skill level 9 in Crossbows
 14870 | D:10     | Received a gift from Okawaru
 15028 | D:10     | Reached skill level 10 in Crossbows
 15181 | D:10     | Reached XP level 11. HP: 61/64 MP: 17/17
 15441 | D:10     | Got a bound silver amulet
 15506 | D:10     | Reached skill level 5 in Stealth
 15876 | D:10     | Noticed a white ugly thing
 15891 | D:10     | Killed a white ugly thing
 15891 | D:10     | Reached ***** piety under Okawaru
 16054 | D:10     | Received a gift from Okawaru
 16617 | D:11     | Found Vofenkot's Armour Boutique.
 16926 | D:11     | Noticed a two-headed ogre
 16935 | D:11     | Killed a two-headed ogre
 16935 | D:11     | Received a gift from Okawaru
 17614 | Lair:1   | Entered Level 1 of the Lair of Beasts
 17690 | Lair:1   | Got a slimy robe
 18191 | Lair:1   | Received a gift from Okawaru
 18646 | Lair:1   | Noticed a seven-headed hydra
 18654 | Lair:1   | Killed a seven-headed hydra
 18654 | Lair:1   | Reached XP level 12. HP: 66/74 MP: 18/18
 18968 | Lair:2   | Found a snail-covered altar of Cheibriados.
 19071 | Lair:2   | Received a gift from Okawaru
 20102 | Lair:3   | Received a gift from Okawaru
 20458 | Lair:3   | Received a gift from Okawaru
 20520 | Lair:3   | Reached skill level 10 in Dodging
 20832 | Lair:3   | Reached skill level 10 in Fighting
 20838 | Lair:3   | Received a gift from Okawaru
 20869 | Lair:3   | Identified the amulet "Kyppieg" {Acrobat rC+} (You found it
                  | on level 10 of the Dungeon)
 20926 | Lair:3   | Found a staircase to the Snake Pit.
 21003 | Lair:3   | Found a staircase to the Swamp.
 21237 | Lair:3   | Reached skill level 5 in Evocations
 22058 | Lair:3   | Received a gift from Okawaru
 22846 | Lair:4   | Reached XP level 13. HP: 82/82 MP: 19/19
 23280 | Lair:4   | Reached ****** piety under Okawaru
 23280 | Lair:4   | Received a gift from Okawaru
 23300 | Lair:4   | Got a smoking rapier {god gift}
 23753 | Lair:3   | Reached skill level 11 in Crossbows
 23845 | Lair:4   | Reached skill level 10 in Invocations
 24185 | Lair:5   | Received a gift from Okawaru
 24186 | Lair:5   | Got a jewelled triple crossbow {god gift}
 24225 | Lair:5   | Found a dark tunnel.
 24316 | Volcano  | Entered a volcano
 24479 | Volcano  | Reached skill level 10 in Maces & Flails
 24491 | Volcano  | Reached skill level 12 in Crossbows
 24611 | Volcano  | Learned a level 1 spell: Apportation
 24923 | Volcano  | HP: 2/82 [fire elemental (8)]
 26221 | Lair:5   | Reached skill level 13 in Crossbows
 26543 | Lair:5   | Reached XP level 14. HP: 88/88 MP: 21/21
 27330 | Lair:5   | Found a runed translucent door.
 27330 | Lair:5   | Found a viscous altar of Jiyva.
 27331 | Lair:5   | Found a staircase to the Slime Pits.
 27411 | Lair:5   | Reached skill level 14 in Crossbows
 27921 | D:11     | Received a gift from Okawaru
 29318 | D:11     | Reached skill level 15 in Crossbows
 29862 | D:11     | Received a gift from Okawaru
 29863 | D:11     | Found the +6 arbalest "Damnation" {damnation}
 30094 | Lair:6   | Entered Level 6 of the Lair of Beasts
 30852 | Lair:6   | Identified the +10 triple crossbow of Fimos {elec, Str+5}
                  | (Okawaru gifted it to you on level 5 of the Lair of Beasts)
 30887 | Lair:6   | Reached skill level 16 in Crossbows
 31183 | Lair:6   | Identified the +9 rapier "Dragon's Demise" {venom, rN+}
                  | (Okawaru gifted it to you on level 4 of the Lair of Beasts)
 32088 | Lair:6   | Found a runed translucent door.
 32167 | Lair:6   | Reached skill level 17 in Crossbows
 32524 | Lair:6   | Received a gift from Okawaru
 32526 | Lair:6   | Identified the +2 robe "Muoc" {Int+5} (You found it on
                  | level 1 of the Lair of Beasts)
 32778 | Lair:6   | Received a gift from Okawaru
 32779 | Lair:6   | Got a twisted kite shield {god gift}
 33073 | Lair:6   | Reached XP level 15. HP: 75/92 MP: 19/22
 33289 | Lair:6   | Identified the +6 kite shield of Jehoxip {Harm} (Okawaru
                  | gifted it to you on level 6 of the Lair of Beasts)
 33883 | Lair:6   | Identified a scroll of acquirement
 34154 | Lair:6   | Reached skill level 18 in Crossbows
 35251 | D:12     | Found a staircase to the Orcish Mines.
 35917 | D:13     | Found a white marble altar of Elyvilon.
 35939 | Orc:1    | Entered Level 1 of the Orcish Mines
 35940 | Orc:1    | Noticed Fannar
 35944 | Orc:1    | Killed Fannar
 36605 | Orc:1    | Noticed an orc warlord
 36889 | D:12     | Killed an orc warlord
 37358 | Orc:2    | Entered Level 2 of the Orcish Mines
 37412 | Orc:2    | Found a gate leading to a gauntlet.
 37435 | Gauntlet | Entered a Gauntlet
 37435 | Gauntlet | Found a transporter.
 37450 | Gauntlet | Found a transporter.
 37461 | Gauntlet | Found a transporter.
 37466 | Gauntlet | Found a transporter.
 37486 | Gauntlet | Found a transporter.
 37500 | Gauntlet | Found a transporter.
 37512 | Gauntlet | Found a transporter.
 37524 | Gauntlet | Found a transporter.
 37536 | Gauntlet | Found a transporter.
 37546 | Gauntlet | Noticed a reaper
 37548 | Gauntlet | Found a transporter.
 37554 | Gauntlet | Found a transporter.
 37554 | Gauntlet | Found a transporter.
 37593 | Gauntlet | Found a transporter.
 37618 | Gauntlet | Found a transporter.
 37620 | Gauntlet | Found a transporter.
 37640 | Gauntlet | Found a transporter.
 37718 | Gauntlet | Found a transporter.
 37738 | Gauntlet | Found a transporter.
 37928 | Gauntlet | Reached skill level 10 in Stealth
 38237 | Gauntlet | Received a gift from Okawaru
 38562 | Gauntlet | Got a steaming gossamer ring
 38563 | Gauntlet | Identified the ring of Okawaru's Envy {+Inv rPois SInv}
                  | (You found it in a Gauntlet)
 39204 | Orc:2    | Received a gift from Okawaru
 39209 | Orc:2    | Noticed an orc warlord
 39721 | Orc:2    | Noticed Donald
 39727 | Orc:2    | Killed Donald
 39731 | Orc:2    | Killed an orc warlord
 40032 | Orc:2    | Found a staircase to the Elven Halls.
 40055 | Orc:2    | Found Doomnos's Magic Scroll Emporium.
 40055 | Orc:2    | Found Widioruf's Distillery.
 40491 | Orc:2    | Reached XP level 16. HP: 94/101 MP: 21/23
 40541 | Orc:2    | Found a roughly hewn altar of Beogh.
 40575 | Orc:2    | Found Daelof's General Store.
 40575 | Orc:2    | Found Bomiomof's Weapon Boutique.
 40814 | Orc:2    | Bought the +8 lajatang of Chagrin {drain, rC+ Stlth+} for
                  | 1340 gold pieces
 40869 | Orc:1    | Noticed Erolcha
 40950 | Orc:2    | Bought a scroll of enchant armour for 90 gold pieces
 40950 | Orc:2    | Bought a scroll of amnesia for 42 gold pieces
 40950 | Orc:2    | Bought a scroll of fog for 24 gold pieces
 40950 | Orc:2    | Bought a scroll of remove curse for 36 gold pieces
 40950 | Orc:2    | Bought a scroll of remove curse for 36 gold pieces
 40950 | Orc:2    | Bought a scroll of identify for 24 gold pieces
 40950 | Orc:2    | Bought a scroll of enchant armour for 90 gold pieces
 40950 | Orc:2    | Bought a scroll of enchant weapon for 90 gold pieces
 40950 | Orc:2    | Bought a scroll of remove curse for 36 gold pieces
 40950 | Orc:2    | Bought a scroll of magic mapping for 42 gold pieces
 40950 | Orc:2    | Bought a scroll of remove curse for 36 gold pieces
 40950 | Orc:2    | Bought a scroll of amnesia for 42 gold pieces
 40950 | Orc:2    | Bought a scroll of identify for 24 gold pieces
 40950 | Orc:2    | Bought a scroll of fog for 24 gold pieces
 40950 | Orc:2    | Bought a scroll of enchant weapon for 90 gold pieces
 41201 | Orc:2    | Bought a potion of invisibility for 112 gold pieces
 41201 | Orc:2    | Bought 2 potions of curing for 84 gold pieces
 41201 | Orc:2    | Bought a potion of flight for 42 gold pieces
 41201 | Orc:2    | Bought a potion of heal wounds for 70 gold pieces
 41201 | Orc:2    | Bought a potion of flight for 42 gold pieces
 41558 | D:13     | Reached skill level 1 in Staves
 41716 | D:13     | Found a gate to the Vaults.
 43225 | D:14     | Found a blossoming altar of Fedhas.
 43524 | D:15     | Entered Level 15 of the Dungeon
 43873 | D:15     | Found a staircase to the Depths.
 44385 | D:15     | Received a gift from Okawaru
 44770 | D:15     | Reached skill level 5 in Staves
 45864 | Snake:1  | Entered Level 1 of the Snake Pit
 45872 | Snake:1  | Received a gift from Okawaru
 46259 | Snake:1  | Noticed Jorgrun
 46274 | Snake:1  | HP: 2/101 [Jorgrun/uncursed staff of earth (19)]
 46274 | Snake:1  | Mangled by Jorgrun

Illustrated notes

Levels and vault maps discovered:
D:1:      psy_arrival_conway, layout_loops_ring, doesnt_xom_only_xom
D:2:      layout_loops_ring, serial_bayou, serial_bayou_pond_a,
          serial_bayou_lagoon_a, serial_bayou_pond_e, serial_bayou_ford_a,
          glass_columns_c, uniq_natasha
D:3:      layout_basic, ashenzari_conservatory_becter, first_ration
D:4:      layout_loops_ring, serial_forest, infiniplex_forest_join,
          infiniplex_forest_zigzag_2, infiniplex_forest_straight_1,
          infiniplex_forest_corner_1, infiniplex_forest_clump_C,
          grunt_dithmenos_smoke_and_mirrors, uniq_grinder
D:5:      layout_basic, minmay_temple_entry_large_hall, serial_shops,
          nicolae_shop_crystal, kennysheep_generic_room_6
D:6:      corexii_shantytown, layout_loops_ring, minmay_misc_feat_hallway
D:7:      layout_gridville, serial_shops,
          nicolae_shop_competitors_out_of_business
D:8:      layout_gridville
D:9:      layout_roguey, grunt_lair_entry_orc_guard_hut, serial_shops,
          shop_statue, the_bakery, corexii_leaking_fountain
D:10:     layout_loops_ring, kennysheep_generic_room_11
D:11:     layout_roguey, serial_shops, shop, minmay_rotating_lava
D:12:     layout_long_grid, orc_0_dummy
D:13:     layout_basic, erik_vaults_1, elyvilon_altar_5
D:14:     layout_stronghold, basic_altar, chequers_serial_rivers_micro_b,
          billiards_dpeg
D:15:     grunt_enter_depths_hoard, layout_irregular_city,
          hangedman_decor_slide_cut
Temple:   compressed_dpeg_triangle_lava_temple
Lair:1:   layout_loops_ring, grunt_megastairs_1
Lair:2:   layout_long_grid, basic_altar
Lair:3:   layout_long_grid, minmay_swamp_entry_worms,
          minmay_snake_entry_guardpost_small, serial_bayou_crossing
Lair:4:   layout_big_grid
Lair:5:   layout_cave_pods, slime_altar_2, enter_volcano_3, minivault_11,
          minivault_26
Lair:6:   wormcave, layout_cave_pods, guppyfry_lair_end_dragon
Snake:1:  layout_cave_shapes, ebering_ghost_reflecting_pool,
          nicolae_snake_squiggles, grunt_ministairs_12, serial_bayou_shore_a,
          uniq_jorgrun
Orc:1:    layout_caves, uniq_fannar, uniq_erolcha
Orc:2:    st_orc_town, layout_diamond_mine, gauntlet_entry_generic, uniq_donald

Skill      XL: |  1  2  3  4  5  6  7  8  9 10 11 12 13 14 15 16 |
---------------+-------------------------------------------------+-----
Fighting       | 2 3 4 5 6 8 10 11 12 | 12.0
Crossbows      | 4 5 6 10 13 17 18 | 18.0
Stealth        | 2 4 8 10 | 10.0
Dodging        | 3 4 6 8 10 12 14 | 14.1
Invocations    | 5 8 10 | 10.0
Maces & Flails | 5 6 7 8 10 | 10.0
Evocations     | 4 5 6 |  6.0
Staves         | 5 |  5.7
Spellcasting   | |  1.1
Hexes          | |  3.0

Action                   |  1- 3 |  4- 6 |  7- 9 | 10-12 | 13-15 | 16-18 || total
-------------------------+-------+-------+-------+-------+-------+-------++-------
Melee: Dagger            |   149 |       |       |       |       |       ||   149
       Flail             |    10 |   164 |   441 |   738 |   338 |       ||  1691
       Punch             |       |       |       |     9 |     1 |       ||    10
       Lajatang          |       |       |       |       |       |   143 ||   143
 Fire: Hand crossbow     |    14 |    64 |   164 |   383 |       |       ||   625
       Arbalest          |       |       |       |    13 |   911 |   199 ||  1123
Throw: Dart              |       |       |       |     2 |     2 |       ||     4
 Cast: Corona            |     9 |     3 |     7 |       |       |       ||    19
Invok: Heroism           |       |       |     1 |     6 |     6 |     1 ||    14
       Finesse           |       |       |       |       |     1 |       ||     1
Evoke: Wand              |       |       |     2 |     2 |     1 |     1 ||     6
  Use: Scroll            |       |     3 |    14 |     7 |    21 |    12 ||    57
       Potion            |       |     1 |     5 |     1 |    13 |       ||    20
 Stab: Sleeping          |     1 |       |     7 |     5 |       |     2 ||    15
       Distracted        |       |       |     2 |       |       |       ||     2
  Eat: Chunk             |    12 |    10 |    25 |    40 |    55 |    15 ||   157
Armor: Robe              |    32 |    22 |       |       |       |       ||    54
       Ring mail         |       |    30 |   137 |   150 |     2 |       ||   319
       Plate armour      |       |       |       |       |   253 |       ||   253
       Chain mail        |       |       |       |       |    49 |   111 ||   160
Dodge: Dodged            |   118 |   164 |   501 |   836 |   656 |   247 ||  2522
Block: Other             |       |       |       |       |     4 |    16 ||    20
       Reflection        |       |       |       |       |       |     4 ||     4

Table legend:
 A = Non-vault XP
 B = Vault XP
 C = Vault XP percentage of total XP
 D = Non-vault monster count
 E = Vault monster count
 F = Vault count percentage of total count
                 A         B        C        D         E       F
            +---------+---------+-------+---------+---------+-------
      Total |   92684 |   46346 |  33.3 |     540 |     186 |  25.6
            +---------+---------+-------+---------+---------+-------
        D:1 |      49 |       0 |   0.0 |      28 |       0 |   0.0
        D:2 |     112 |      35 |  23.8 |      23 |       1 |   4.2
        D:3 |     257 |       0 |   0.0 |      27 |       0 |   0.0
        D:4 |     199 |       0 |   0.0 |      13 |       0 |   0.0
        D:5 |     585 |     254 |  30.3 |      14 |       2 |  12.5
        D:6 |    1191 |      79 |   6.2 |      26 |      30 |  53.6
        D:7 |     734 |       0 |   0.0 |      18 |       0 |   0.0
        D:8 |    1026 |       0 |   0.0 |      27 |       0 |   0.0
        D:9 |    1372 |     869 |  38.8 |      19 |       6 |  24.0
       D:10 |    3366 |       0 |   0.0 |      33 |       0 |   0.0
       D:11 |    2264 |    7688 |  77.3 |      26 |      16 |  38.1
       D:12 |    9674 |       0 |   0.0 |      38 |       0 |   0.0
       D:13 |    5184 |    1808 |  25.9 |      20 |       2 |   9.1
       D:14 |    3194 |    1356 |  29.8 |      20 |       3 |  13.0
       D:15 |   10220 |    2071 |  16.8 |      27 |       2 |   6.9
     Lair:1 |    2779 |       0 |   0.0 |      14 |       0 |   0.0
     Lair:2 |    1523 |       0 |   0.0 |      10 |       0 |   0.0
     Lair:3 |   10123 |     766 |   7.0 |      41 |       4 |   8.9
     Lair:4 |    9088 |       0 |   0.0 |      24 |       0 |   0.0
     Lair:5 |   10383 |     356 |   3.3 |      27 |       6 |  18.2
     Lair:6 |    8664 |   10664 |  55.2 |      18 |      30 |  62.5
    Snake:1 |    3255 |    1525 |  31.9 |       5 |       2 |  28.6
      Orc:1 |    1744 |    1002 |  36.5 |      17 |       1 |   5.6
      Orc:2 |    5698 |    8970 |  61.2 |      25 |      59 |  70.2
    Volcano |       0 |    4387 | 100.0 |       0 |      14 | 100.0
   Gauntlet |       0 |    4516 | 100.0 |       0 |       8 | 100.0
            +---------+---------+-------+---------+---------+-------
